 Dungeon Crawl Stone Soup version 0.27-a0-1557-g57f10a385c (webtiles) character file.

Game seed: 961033796433849962

3117 bande the Shield-Bearer (level 9, 0/55 HPs)
             Began as a Gargoyle Fighter on July 16, 2021.
             Slain by a wight (4 damage)
             ... on level 7 of the Dungeon.
             The game lasted 00:14:15 (8285 turns).

bande the Shield-Bearer (Gargoyle Fighter)          Turns: 8285, Time: 00:14:15

Health: 0/55       AC: 23    Str: 22    XL:     9   Next: 91%
Magic:  9/9        EV:  5    Int:  9    God:
Gold:   348        SH: 16    Dex: 10    Spells: 7/8 levels left

rFire    . . .     SeeInvis .   a - +0 war axe
rCold    + . .     Faith    .   c - +0 kite shield
rNeg     + . .     Spirit   .   v - +0 plate armour
rPois    ∞         Reflect  +   p - +0 helmet
rElec    +         Harm     .   (no cloak)
rCorr    .         Rampage  .   o - +2 pair of gloves
Will     .....                  (no boots)
Stlth    ..........             l - amulet of reflection
HPRegen  0.18/turn              i - ring of protection from cold
MPRegen  0.11/turn              (no ring)

@: lit by a corona, glowing
A: sickness immunity, AC +6, negative energy resistance 1, electricity
resistance, torment resistance 1, petrification resistance
a: no special abilities


You were on level 7 of the Dungeon.
You visited 1 branch of the dungeon, and saw 7 of its levels.

You collected 348 gold pieces.

Inventory:

Hand Weapons
 a - a +0 war axe (weapon)
 u - a +0 flail of protection
Armour
 c - a +0 kite shield (worn)
 o - a +2 pair of gloves (worn)
 p - a +0 helmet (worn)
 s - a +1 chain mail of fire resistance
 v - a +0 plate armour (worn)
Jewellery
 i - a ring of protection from cold (left hand)
 l - an amulet of reflection (around neck)
 m - a ring of magical power
 n - an amulet of regeneration
Wands
 r - a wand of paralysis (10)
Scrolls
 j - a scroll of teleportation
 q - 2 scrolls of identify
Potions
 b - a potion of haste
 d - 3 potions of might
 g - a potion of brilliance
 h - a potion of flight
 k - a potion of cancellation


   Skills:
 + Level 5.7 Fighting
 + Level 7.0 Axes
 + Level 5.8 Armour
 - Level 1.4 Dodging
 - Level 0.1 Stealth
 + Level 7.9 Shields
 * Level 3.9 Translocations
 * Level 3.9 Evocations


You had 7 spell levels left.
You knew the following spells:

 Your Spells              Type           Power      Damage    Failure   Level
a - Apportation           Tloc           14%        N/A       98%         1

Your spell library contained the following spells:

 Spells                   Type           Power      Damage    Failure   Level
 Animate Skeleton         Necr           0%         N/A       100%        1
 Corona                   Hex            0%         N/A       100%        1
 Freeze                   Ice            0%         1d3       100%        1
 Pain                     Necr           0%         1d4       100%        1
 Summon Small Mammal      Summ           0%         N/A       100%        1
 Frozen Ramparts          Ice            0%         1d2       100%        3
 Vampiric Draining        Necr           0%         2d6       100%        3
 Animate Armour           Summ/Erth      0%         N/A       100%        4
 Hailstorm                Conj/Ice       0%         3d3       100%        4
 Alistair's Intoxication  Tmut/Pois      0%         N/A       100%        5
 Blade Hands              Tmut           0%         N/A       100%        5
 Invisibility             Hex            0%         N/A       100%        6
 Iron Shot                Conj/Erth      0%         9d1       100%        6


Dungeon Overview and Level Annotations

Branches:
Dungeon (7/15)
 Temple: D:4-7

Altars:
Ashenzari
Fedhas
Hepliaklqana
Makhleb
Ru
Uskayaw
Vehumet

Shops:
D:2 [   D:4 =*[*(

Annotations:
D:3 3 runed translucent doors, 12572944's ghost, novice DjIE


Innate Abilities, Weirdness & Mutations

You are immune to sickness and miasma.
Your stone body is resilient. (AC +6)
You are immune to poison.
You resist negative energy. (rN+)
You are resistant to electric shocks. (rElec)
You are resistant to unholy torment.
You are immune to petrification.


Message History

The gnoll shaman shouts!
You hear a shout!
You block the wight's attack. The wight hits you but does no damage.
The gnoll shaman zaps a wand.
You easily resist.
You block the wight's attack.
You feel better. The wight barely misses you.
The gnoll shaman calls down the wrath of its god upon you.
You are outlined in light.
You block the wight's attack. The wight barely misses you.
Unknown command.
You hit the wight but do no damage.
The wight is heavily damaged.
You barely miss the wight. You hit the wight but do no damage.
The wight hits you with a +5 battleaxe!
* * * LOW HITPOINT WARNING * * *
You block the wight's attack.
The gnoll shaman drinks a potion.
The gnoll shaman seems to speed up.
The wight hits you but does no damage.
Unknown command.
You hit the wight but do no damage.
The wight is severely damaged.
You hit the wight. x2; You block the wight's attack. x2
The wight barely misses you.
The gnoll shaman zaps a wand.
You suddenly lose the ability to move!
The wight hits you with a +5 battleaxe.
* * * LOW HITPOINT WARNING * * *
The wight hits you with a +0 battleaxe.
* * * LOW HITPOINT WARNING * * *
The wight hits you with a +0 war axe.
* * * LOW HITPOINT WARNING * * *
The wight hits you with a +5 battleaxe!
* * * LOW HITPOINT WARNING * * *
The wight hits you but does no damage.
You can move again.
Unknown command.
You feel better. The wight hits you with a +0 war axe.
* * * LOW HITPOINT WARNING * * *
You block the wight's attack. The wight barely misses you.
Unknown command.
You hit the wight.
You destroy the wight!
You hit the wight but do no damage. You closely miss the wight.
The wight hits you but does no damage. The wight hits you with a +5 battleaxe.
You die...

#.# .# ... .#.#.. #.#
.....# ####.# ..#.#
...#.# #....## ##.#.#
......#
...#.############......#
####)...........@z.....#
...[)..........zg).....#
####)..................#
#...................#
#..........≈≈.≈.....#
#.........≈..≈......#
#..........≈_≈......#
#.....).).≈.≈≈......#
#..............###'##


You could see a gnoll shaman (fast) and 2 wights.

Vanquished Creatures
  Eustachio (D:5)
  A vampire mosquito (D:5)
  Edmund (D:5)
  A water moccasin (D:7)
  An orc warrior (D:5)
  2 sky beasts
  2 necrophages (D:5)
  An ogre (D:5)
  2 ice beasts
  A hornet zombie (D:6)
  4 phantoms
  A bullfrog (D:6)
  A gnoll sergeant (D:6)
  4 scorpions
  7 wights (D:7)
  3 howler monkeys
  A bullfrog zombie (D:5)
  A hound (D:6)
  3 orc priests
  A jelly (D:7)
  2 centaur skeletons
  A gnoll shaman (D:7)
  6 iguanas
  Ijyb (D:4)
  3 orc wizards
  A howler monkey zombie (D:7)
  12 gnolls
  8 adders
  A white imp (D:5)
  2 ufetubi (D:5)
  2 worms (D:2)
  2 dart slugs
  6 orcs
  7 ball pythons
  6 bats
  4 endoplasms
  5 giant cockroaches
  4 goblins
  8 hobgoblins
  8 jackals
  2 quokkas (D:1)
  3 frilled lizards
  8 kobolds
  4 rats
145 creatures vanquished.

Notes
Turn   | Place    | Note
-------+----------+-------------------------------------------
     0 | D:1      | bande the Gargoyle Fighter began the quest for the Orb.
     0 | D:1      | Reached XP level 1. HP: 14/14 MP: 1/1
     0 | D:1      | Noticed a demonspawn
    11 | D:1      | Noticed an ogre
    13 | D:1      | Noticed a vampire
    17 | D:1      | Noticed a vine stalker
    19 | D:1      | Noticed a demigod
   203 | D:1      | Reached XP level 2. HP: 17/19 MP: 2/2
   911 | D:2      | Reached XP level 3. HP: 17/24 MP: 3/3
  1045 | D:2      | Found Itwargh's Antique Armour Shop.
  1086 | D:2      | Noticed a phantom
  1101 | D:2      | Killed a phantom
  1102 | D:2      | Reached XP level 4. HP: 12/29 MP: 4/4
  1514 | D:2      | Reached XP level 5. HP: 26/33 MP: 5/5
  1888 | D:2      | Found a faded altar of an unknown god.
  2626 | D:2      | Reached skill level 1 in Dodging
  2863 | D:2      | Reached XP level 6. HP: 21/38 MP: 6/6
  3208 | D:3      | Found a runed translucent gate.
  3208 | D:3      | Found a runed translucent gate.
  3208 | D:3      | Found a runed translucent gate.
  3213 | D:3      | Noticed 12572944's ghost (novice DjIE)
  3390 | D:3      | Found a broken altar of Ashenzari.
  3432 | D:3      | Found a sacrificial altar of Ru.
  3962 | D:4      | Reached skill level 5 in Shields
  3962 | D:4      | Reached XP level 7. HP: 41/43 MP: 7/7
  3994 | D:4      | Found Bedea's Jewellery Emporium.
  3996 | D:4      | Noticed Ijyb
  4002 | D:4      | Paralysed by Ijyb for 4 turns
  4018 | D:4      | Paralysed by Ijyb for 3 turns
  4023 | D:4      | Paralysed by Ijyb for 7 turns
  4032 | D:4      | Killed Ijyb
  4176 | D:4      | Found a radiant altar of Vehumet.
  4187 | D:4      | Learned a level 1 spell: Apportation
  4197 | D:4      | Found Zueleecko's General Store.
  4271 | D:4      | Found Ruviud's Antique Weapon Shoppe.
  4273 | D:4      | Found Zinlesitz's Assorted Antiques.
  4308 | D:4      | Found Miviw's Armour Shop.
  4382 | D:4      | Found a hide-covered altar of Uskayaw.
  4478 | D:5      | Entered Level 5 of the Dungeon
  4501 | D:5      | Noticed Eustachio
  4654 | D:5      | Killed Eustachio
  4655 | D:5      | Reached skill level 1 in Translocations
  4655 | D:5      | Reached skill level 1 in Evocations
  4929 | D:5      | Reached XP level 8. HP: 41/48 MP: 8/8
  5216 | D:5      | Found a burning altar of Makhleb.
  5394 | D:5      | Reached skill level 5 in Axes
  5593 | D:5      | Found a hazy altar of Hepliaklqana.
  5755 | D:5      | Reached skill level 5 in Armour
  5987 | D:5      | Noticed Edmund
  6002 | D:5      | Killed Edmund
  6003 | D:5      | Reached skill level 5 in Fighting
  6352 | D:5      | Reached XP level 9. HP: 44/54 MP: 9/9
  8226 | D:7      | Found a blossoming altar of Fedhas.
  8282 | D:7      | Paralysed by a gnoll shaman for 2 turns
  8283 | D:7      | HP: 1/55 [wight (7)]
  8285 | D:7      | Slain by a wight

Illustrated notes

Levels and vault maps discovered:
D:1:      shiori_arrival_whats_in_store_for_you, layout_loops_ring
D:2:      layout_basic, serial_shops, nicolae_diamond_shop,
          ebering_ecumenical_altar_box
D:3:      layout_rooms, nicolae_ru_the_path_less_chosen,
          ashenzari_conservatory_becter, ebering_ghost_rock_garden,
          chequers_mini_garden, minmay_stone_trees_small
D:4:      layout_basic, mainiacjoe_overflow_brackets, overflow_temple_1_default,
          serial_shops, shop, nicolae_lakefront_shop, nicolae_diamond_shop,
          shop, shop_statue, uniq_ijyb
D:5:      layout_loops_ring, old_standard_altar, lemuel_doored_altar,
          hangedman_minor_gate_pass, uniq_edmund, uniq_eustachio
D:6:      layout_rooms, kennysheep_small_spiral, minivault_19,
          small_statue_intersection, kennysheep_opposing_triangles
D:7:      layout_basic, fedhas_altar_2, kennysheep_little_box,
          minmay_temple_entry_slanted

Skill      XL: |  1  2  3  4  5  6  7  8  9 |
---------------+----------------------------+-----
Axes           | 2 3 4 6 7 |  7.0
Armour         | 4 5 |  5.8
Shields        | 4 5 6 7 |  7.9
Fighting       | 4 5 |  5.7
Dodging        | 1 |  1.4
Translocations | 1 2 3 |  3.9
Evocations     | 1 2 3 |  3.9
Stealth        | |  0.1

Action                   |  1- 3 |  4- 6 |  7- 9 || total
-------------------------+-------+-------+-------++-------
Melee: War axe           |    82 |   213 |   509 ||   804
  Use: Scroll            |     3 |       |     6 ||     9
       Potion            |     3 |       |     3 ||     6
Armor: Scale mail        |    48 |   139 |    13 ||   200
       Chain mail        |       |       |   159 ||   159
       Plate armour      |       |       |   146 ||   146
Dodge: Dodged            |    30 |    79 |   116 ||   225
Block: Kite shield       |    38 |   187 |   531 ||   756
       Reflection        |       |     1 |     3 ||     4

Table legend: (Time is in decaauts)
 A = Elapsed time spent in this place.
 B = Non-inter-level travel time spent in this place.
 C = Inter-level travel time spent in this place.
 D = Time resting spent in this place.
 E = Time spent auto-exploring this place.
 F = Levels seen in this place.
 G = Mean time per level.
                   A        B        C        D        E       F      G
               +--------+--------+--------+--------+--------+-----+--------+
         Total |   8680 |   8680 |      0 |   1890 |   4579 |   7 | 1240.0 |
       Dungeon |   8680 |   8680 |      0 |   1890 |   4579 |   7 | 1240.0 |
               +--------+--------+--------+--------+--------+-----+--------+

Top non-repeatable levels by time:
     D:5: 2198 daAuts
     D:2: 2147 daAuts
     D:6: 1273 daAuts
     D:1: 914 daAuts
     D:3: 911 daAuts
     D:4: 726 daAuts
     D:7: 509 daAuts
